 Dungeon Crawl Stone Soup version 0.26-a0-812-g31a745ddcd (webtiles) character file.

Game seed: 119161614674312177

54507 Arthanis the Severer (level 14, -1/144 HPs)
             Began as a Gargoyle Berserker on Nov 25, 2020.
             Was a High Priest of Trog.
             Slain by a stone giant (8 damage)
             ... on level 1 of the Orcish Mines.
             The game lasted 00:22:39 (18846 turns).

Arthanis the Severer (Gargoyle Berserker)          Turns: 18846, Time: 00:22:39

Health: -1/144     AC: 33    Str: 21    XL:     14   Next: 73%
Magic:  0/14       EV: 13    Int: 13    God:    Trog [*****.]
Gold:   844        SH:  9    Dex:  9    Spells: 13/13 levels left

rFire    . . .     SeeInvis .   H - +1 war axe (vorpal)
rCold    . . .     Faith    .   r - +0 kite shield {AC+3}
rNeg     + . .     Spirit   +   z - +0 plate armour
rPois    ∞         Reflect  .   x - +1 hat
rElec    +         Harm     .   N - +0 cloak
rCorr    .         Rampage  .   W - +1 pair of gloves
MR       +++..                  l - +0 pair of boots
Stlth    ..........             y - amulet of guardian spirit
HPRegen  1.34/turn              Z - +4 ring of evasion
MPRegen  0.14/turn              A - +4 ring of evasion

@: berserking, regenerating, very quick
A: big wings, negative energy resistance 1, electricity resistance, unbreathing,
petrification resistance, rot immunity, AC +10
a: Fly, Berserk, Trog's Hand, Brothers in Arms, Renounce Religion


You were on level 1 of the Orcish Mines.
You worshipped Trog.
Trog was extremely pleased with you.
You visited 2 branches of the dungeon, and saw 16 of its levels.

You collected 1040 gold pieces.
You spent 196 gold pieces at shops.

Inventory:

Hand Weapons
 a - a +3 vorpal battleaxe
 u - a +2 flail of draining
 v - a +0 trident
 H - a +1 vorpal war axe (weapon)
 L - a +0 whip of flaming
Armour
 l - a +0 pair of boots (worn)
 r - a +0 kite shield of protection (worn)
 x - a +1 hat (worn)
 z - a +0 plate armour (worn)
 N - a +0 cloak (worn)
 W - a +1 pair of gloves (worn)
Jewellery
 e - an uncursed ring of protection from magic
 y - an amulet of guardian spirit (around neck)
 A - a +4 ring of evasion (right hand)
 Z - a +4 ring of evasion (left hand)
Wands
 b - a wand of paralysis (6)
 i - a wand of flame (11)
 G - a wand of enslavement (11)
 K - a wand of digging (3)
 M - a wand of random effects (64)
 U - a wand of acid (10)
Scrolls
 d - 7 scrolls of remove curse
 g - 2 scrolls of fear
 h - 2 scrolls of enchant weapon
 j - 10 scrolls of teleportation
 m - 3 scrolls of immolation
 n - 5 scrolls of blinking
 o - 3 scrolls of magic mapping
 t - 3 scrolls of fog
 w - a scroll of acquirement {unknown}
 D - a scroll of holy word
 E - 3 scrolls of enchant armour
 I - 2 scrolls of amnesia
 O - a scroll of random uselessness
 S - a scroll of vulnerability
Potions
 c - 4 potions of might
 f - a potion of invisibility {unknown}
 k - 9 potions of curing
 p - 4 potions of heal wounds
 q - 2 potions of flight {unknown}
 s - 2 potions of haste {unknown}
 B - 4 potions of attraction
 C - a potion of lignification {unknown}
 F - 5 potions of cancellation
 J - 3 potions of degeneration {unknown}
 P - a potion of resistance {unknown}
 Q - a potion of mutation {unknown}
 R - 2 potions of brilliance {unknown}
 X - a potion of ambrosia {unknown}
 Y - 2 potions of berserk rage {unknown}


   Skills:
 + Level 14.4 Fighting
 * Level 16.6 Axes
 + Level 9.2 Armour
 - Level 2.0 Dodging
 - Level 4.0 Shields
 + Level 5.5 Evocations


You had 13 spell levels left.
You didn't know any spells.
Your spell library was empty.

Dungeon Overview and Level Annotations

Branches:
Dungeon (15/15)            Temple (0/1) D:6            Lair (0/6) D:8
    Orc (1/2) D:9          Vaults (0/5) D:13         Depths (0/5) D:15

Altars:
Elyvilon
Gozag
Kikubaaqudgha
Nemelex Xobeh
Sif Muna
Trog
Xom

Shops:
D:4 [   D:10 *}?

Annotations:
D:6 3 runed translucent doors, Enish's ghost, amateur OpDe


Innate Abilities, Weirdness & Mutations

You are resistant to torment.
Your stone body is resilient. (AC +10)
You are immune to poison.
Your large and strong wings let you fly indefinitely.
You resist negative energy. (rN+)
You are resistant to electric shocks. (rElec)
You can survive without breathing.
You are immune to petrification.
You are immune to rotting.


Message History

The stone giant throws a large rock.
The large rock hits you!!!
You see here a large rock.
The stone giant hits you!!
Your skin crawls.
You feel resistant to hostile enchantments.
The stone giant hits you!!
* * * LOW HITPOINT WARNING * * *
A red film seems to cover your vision as you go berserk!
You feel yourself moving faster!
You feel mighty! The stone giant completely misses you.
You hit the stone giant.
The stone giant is lightly wounded.
The stone giant hits you!!
* * * LOW HITPOINT WARNING * * *
You slice the stone giant!!
The stone giant is moderately wounded.
You slash the stone giant!
The stone giant is heavily wounded.
The stone giant hits you!
You die...

###....##......
#....### .....#
####...##..#..#
##..........
##......#.
##.##..###
#.......##
##...(....#
##...@.#...##
#...C###....#
###....##..##
#..^..#...#
##.##o...##
###(o...#
#.....##
.o...#....#
oo.o...#....#


You could see a stone giant.

Vanquished Creatures
  Gastronok (D:9)
  Kirke (D:14)
  A fire giant (D:13)
  Nessos (D:14)
  Josephine (D:10)
  A fire dragon (shapeshifter) (D:15)
  A fire dragon (D:13)
  A rakshasa (D:13)
  2 boulder beetles (D:13)
  A centaur warrior (D:14)
  3 hydras
  15 two-headed ogres
  A tengu warrior (D:13)
  2 ogre magi (D:15)
  An unseen horror (D:12)
  A swamp dragon (shapeshifter) (D:15)
  A wizard (D:13)
  A glowing orange brain (D:15)
  Pikel (D:9)
  An orc knight (Orc:1)
  14 ugly things
  A deep elf mage (D:12)
  2 cyclopes
  A manticore (D:12)
  Psyche (D:11)
  Maurice (D:9)
  A gargoyle (D:15)
  A komodo dragon (D:15)
  A freezing wraith (D:15)
  2 tengu conjurers
  A komodo dragon (shapeshifter) (D:15)
  5 trolls
  2 trolls (shapeshifter)
  A merfolk (shapeshifter) (D:15)
  2 hornets (D:13)
  4 meliai (D:13)
  A queen bee (D:13)
  A raiju (shapeshifter) (D:13)
  9 slime creatures
  2 water elementals (D:11)
  A shadow (D:14)
  A tarantella (shapeshifter) (D:15)
  2 vampires
  5 wraiths (D:10)
  4 wyverns
  3 hogs (D:14)
  2 basilisks
  A fire bat (shapeshifter) (D:13)
  7 vampire mosquitoes
  3 soldier ants (D:13)
  Purgy (D:3)
  4 ice beasts
  7 orc warriors
  A phantom (D:8)
  3 eyes of draining
  5 sky beasts
  3 black bears
  8 ogres
  7 centaurs
  12 bullfrogs
  A wyvern zombie (D:13)
  A wyvern skeleton (D:13)
  5 scorpions
  29 killer bees
  24 wights
  5 howler monkeys
  6 electric eels (D:11)
  2 bullfrog zombies
  3 centaur zombies
  3 jellies
  4 hounds
  A bullfrog skeleton (D:12)
  5 orc priests
  4 centaur skeletons
  8 orc wizards
  5 iguanas
  8 worker ants
  A killer bee zombie (D:5)
  A hound skeleton (D:9)
  A howler monkey zombie (D:10)
  A worker ant zombie (D:8)
  7 gnolls
  A howler monkey skeleton (D:6)
  14 adders
  A shadow imp (D:5)
  A white imp (D:8)
  An ufetubus (D:7)
  3 oozes
  An adder zombie (D:5)
  4 worms
  2 adder skeletons
  2 dart slugs (D:1)
  3 leopard geckos
  41 orcs
  7 giant cockroaches
  6 goblins
  5 hobgoblins
  19 jackals
  2 quokkas
  A ball python (D:4)
  A ball python skeleton (D:3)
  12 bats
  5 frilled lizards
  A jackal zombie (D:5)
  7 kobolds
  A quokka zombie (D:5)
  8 rats
445 creatures vanquished.

Vanquished Creatures (others)
  A hog (D:14)
  2 killer bees (D:13)
  2 fungi (D:8)
  9 plants
14 creatures vanquished.

Grand Total: 459 creatures vanquished

Notes
Turn   | Place    | Note
-------+----------+-------------------------------------------
     0 | D:1      | Arthanis the Gargoyle Berserker began the quest for the
                  | Orb.
     0 | D:1      | Reached XP level 1. HP: 14/14 MP: 1/1
   141 | D:1      | Reached XP level 2. HP: 19/19 MP: 2/2
   148 | D:1      | Reached skill level 3 in Axes
   259 | D:1      | Reached XP level 3. HP: 23/23 MP: 3/3
   368 | D:1      | Reached ** piety under Trog
  1075 | D:2      | Reached XP level 4. HP: 7/29 MP: 4/4
  1345 | D:2      | Found a shimmering blue altar of Sif Muna.
  1345 | D:2      | Found a white marble altar of Elyvilon.
  2267 | D:2      | Found a bloodstained altar of Trog.
  2267 | D:2      | Found an ancient bone altar of Kikubaaqudgha.
  2461 | D:3      | Reached XP level 5. HP: 19/33 MP: 5/5
  2632 | D:3      | Noticed Purgy
  2657 | D:3      | Killed Purgy
  2657 | D:3      | Reached skill level 4 in Axes
  2657 | D:3      | Reached XP level 6. HP: 13/39 MP: 6/6
  3066 | D:3      | Reached *** piety under Trog
  3665 | D:4      | Found Oboitson's Antique Armour Shop.
  4505 | D:4      | HP: 2/60 [iguana (8)]
  5144 | D:5      | Entered Level 5 of the Dungeon
  5213 | D:5      | Reached skill level 5 in Fighting
  5213 | D:5      | Reached skill level 5 in Axes
  5215 | D:5      | Reached XP level 7. HP: 21/44 MP: 7/7
  5223 | D:5      | Reached skill level 1 in Shields
  5661 | D:5      | Found an opulent altar of Gozag.
  6301 | D:6      | Found a runed translucent gate.
  6302 | D:6      | Found a runed translucent gate.
  6307 | D:6      | Found an opulent altar of Gozag.
  6308 | D:6      | Found a runed translucent gate.
  6309 | D:6      | Noticed Enish's ghost (amateur OpDe)
  6343 | D:6      | Found a staircase to the Ecumenical Temple.
  6454 | D:6      | Reached **** piety under Trog
  6645 | D:6      | Found a shimmering altar of Xom.
  6693 | D:6      | Found a sparkling altar of Nemelex Xobeh.
  6762 | D:6      | Reached skill level 5 in Armour
  6762 | D:6      | Reached XP level 8. HP: 40/50 MP: 8/8
  6863 | D:6      | Reached skill level 6 in Axes
  7717 | D:8      | Reached skill level 7 in Axes
  7719 | D:8      | Reached XP level 9. HP: 48/56 MP: 9/9
  7864 | D:8      | You fall into a shaft and drop 2 floors!
  7864 | D:10     | Entered Level 10 of the Dungeon
  7864 | D:10     | Found Tuimpip's General Store.
  7867 | D:10     | Found Naron's Gadget Shoppe.
  7880 | D:10     | Noticed a two-headed ogre
  7894 | D:10     | Killed a two-headed ogre
  7894 | D:10     | Reached skill level 8 in Axes
  7900 | D:10     | Bought a scroll of identify for 28 gold pieces
  7912 | D:10     | Found Onle Uma's Magic Scroll Emporium.
  8003 | D:10     | Noticed a two-headed ogre
  8018 | D:10     | Killed a two-headed ogre
  8018 | D:10     | Reached skill level 9 in Axes
  8018 | D:10     | Reached XP level 10. HP: 64/64 MP: 10/10
  8023 | D:10     | Bought a scroll of identify for 32 gold pieces
  8023 | D:10     | Bought a scroll of teleportation for 48 gold pieces
  8023 | D:10     | Bought a scroll of identify for 32 gold pieces
  8023 | D:10     | Bought a scroll of amnesia for 56 gold pieces
  8136 | D:10     | Noticed Josephine
  8155 | D:10     | Noticed a two-headed ogre
  8159 | D:10     | Killed Josephine
  8211 | D:10     | Killed a two-headed ogre
  8211 | D:10     | Reached skill level 10 in Axes
  8686 | D:9      | Noticed Pikel
  8694 | D:9      | Killed Pikel
  8694 | D:9      | Reached XP level 11. HP: 71/71 MP: 11/11
  8804 | D:8      | Reached skill level 11 in Axes
  9098 | D:8      | Found a staircase to the Lair.
  9547 | D:9      | Noticed a cyclops
  9557 | D:9      | Killed a cyclops
  9628 | D:9      | Noticed Maurice
  9642 | D:9      | Killed Maurice
  9642 | D:9      | Reached skill level 10 in Fighting
  9664 | D:9      | Noticed Gastronok
  9682 | D:9      | Killed Gastronok
  9782 | D:9      | Found a staircase to the Orcish Mines.
  9894 | D:9      | Reached skill level 12 in Axes
 11268 | D:11     | Reached skill level 1 in Evocations
 11351 | D:11     | Noticed a two-headed ogre
 11357 | D:11     | Killed a two-headed ogre
 11407 | D:11     | You fall into a shaft and drop 2 floors!
 11415 | D:13     | Noticed a tengu warrior
 11447 | D:13     | Killed a tengu warrior
 11447 | D:13     | Reached XP level 12. HP: 62/80 MP: 12/12
 11541 | D:13     | Noticed an eight-headed hydra
 11553 | D:13     | Killed an eight-headed hydra
 11706 | D:13     | Reached skill level 13 in Axes
 11906 | D:11     | Noticed Psyche
 11919 | D:11     | Killed Psyche
 12175 | D:11     | Noticed a two-headed ogre
 12184 | D:11     | Killed a two-headed ogre
 12220 | D:12     | Noticed a six-headed hydra
 12229 | D:12     | Reached ***** piety under Trog
 12234 | D:12     | Killed a six-headed hydra
 12550 | D:12     | Noticed a two-headed ogre
 12557 | D:12     | Killed a two-headed ogre
 12950 | D:12     | Noticed a sun demon
 12955 | D:12     | Received a gift from Trog
 13635 | D:13     | Noticed a fire dragon
 13651 | D:13     | Killed a fire dragon
 13651 | D:13     | Reached skill level 14 in Axes
 13700 | D:13     | Found a gate to the Vaults.
 13854 | D:13     | Reached XP level 13. HP: 84/87 MP: 6/13
 14117 | D:13     | Noticed a fire giant
 14129 | D:13     | Noticed a rakshasa
 14731 | D:13     | Killed a rakshasa
 14795 | D:13     | Killed a fire giant
 14795 | D:13     | Reached skill level 15 in Axes
 15436 | D:14     | Noticed Nessos
 15441 | D:14     | Noticed Kirke
 15446 | D:14     | Noticed a sphinx
 15465 | D:14     | Killed Kirke
 15469 | D:14     | Killed Nessos
 16191 | D:15     | Entered Level 15 of the Dungeon
 16255 | D:15     | Gained mutation: Your large and strong wings let you fly
                  | indefinitely. [Gargoyle growth]
 16255 | D:15     | Reached XP level 14. HP: 95/95 MP: 14/14
 16305 | D:15     | Reached skill level 16 in Axes
 16343 | D:15     | Received a gift from Trog
 16479 | D:15     | Found a sparkling altar of Nemelex Xobeh.
 16985 | D:15     | Reached skill level 5 in Evocations
 18181 | D:15     | Noticed an entropy weaver
 18181 | D:15     | an alligator changed into an entropy weaver
 18184 | D:15     | an entropy weaver changed into a minotaur
 18192 | D:15     | Noticed an entropy weaver
 18192 | D:15     | a minotaur changed into an entropy weaver
 18193 | D:15     | Noticed an emperor scorpion
 18193 | D:15     | an entropy weaver changed into an emperor scorpion
 18197 | D:15     | Noticed a storm dragon
 18197 | D:15     | an emperor scorpion changed into a storm dragon
 18216 | D:15     | a storm dragon changed into a minotaur
 18217 | D:15     | Noticed an entropy weaver
 18217 | D:15     | a minotaur changed into an entropy weaver
 18219 | D:15     | an entropy weaver changed into a great orb of eyes
 18393 | D:15     | Found a staircase to the Depths.
 18704 | Orc:1    | Entered Level 1 of the Orcish Mines
 18784 | Orc:1    | Noticed a stone giant
 18844 | Orc:1    | HP: 5/144 [stone giant (25)]
 18846 | Orc:1    | Slain by a stone giant

Illustrated notes

Levels and vault maps discovered:
D:1:      dpeg_arrival_water_temple_mockup, layout_loops_ring,
          chequers_serial_rivers_micro_e
D:2:      layout_loops_corners, gammafunk_temple_overflow_elements,
          gammafunk_temple_overflow_statue, grunt_decor_cap, nrook_campfire,
          dk_noncrumbling_3, grunt_decor_fettered, minmay_distorted
D:3:      minmay_general_purpose_star, layout_rooms, uniq_purgy
D:4:      layout_basic, serial_shops, nicolae_shop_behind_doors, minmay_bent
D:5:      layout_basic, grunt_gozag_breadcrumbs, minmay_increasing_density
D:6:      layout_cave_pools, kennysheep_mini_moat, minmay_temple_entry_arrows,
          ebering_ghost_gozag, basic_altar, serial_park
D:7:      layout_cave_pools
D:8:      layout_loops_corners, grunt_lair_entry_orc_guard_hut
D:9:      layout_stronghold, orc_0_dummy, uniq_pikel, uniq_gastronok,
          uniq_maurice
D:10:     layout_basic, serial_shops, kennysheep_little_box, shop,
          nicolae_shop_crystal, uniq_josephine
D:11:     layout_basic, uniq_psyche
D:12:     layout_cave_pools, minmay_misc_feat_iff,
          minmay_fractal_squares_diagonal_5
D:13:     regret_index_wax_grids, layout_basic, david_vaults_4
D:14:     layout_loops_ring, roderic_lattice_a, kennysheep_generic_room_15,
          uniq_kirke, uniq_nessos
D:15:     gammafunk_enter_depths_forms, layout_layer_cave, basic_altar,
          hangedman_decor_riveting, hangedman_abyss_or_decor_lesser_grid
Orc:1:    layout_diamond_mine

Skill      XL: |  1  2  3  4  5  6  7  8  9 10 11 12 13 14 |
---------------+-------------------------------------------+-----
Axes           | 3 4 5 7 9 10 12 14 15 16 | 16.6
Dodging        | 2 |  2.0
Armour         | 3 4 5 6 7 8 9 |  9.2
Fighting       | 4 5 6 8 9 11 12 13 14 | 14.4
Shields        | 2 4 |  4.0
Evocations     | 2 4 5 |  5.5

Action                   |  1- 3 |  4- 6 |  7- 9 | 10-12 | 13-15 || total
-------------------------+-------+-------+-------+-------+-------++-------
Melee: Hand axe          |    93 |   274 |   290 |    74 |       ||   731
       War axe           |       |       |       |   524 |   672 ||  1196
       Whip              |       |       |       |     8 |    12 ||    20
       Flail             |       |       |       |     7 |       ||     7
Invok: Berserk           |     1 |     5 |     8 |    13 |    14 ||    41
       Trog's Hand       |       |     1 |     1 |     7 |     4 ||    13
Evoke: Wand              |       |       |       |     8 |       ||     8
  Use: Scroll            |       |     1 |     7 |     9 |     2 ||    19
 Stab: Sleeping          |     1 |     1 |       |       |       ||     2
Armor: Animal skin       |    54 |   122 |    23 |       |       ||   199
       Plate armour      |       |       |   163 |   496 |   364 ||  1023
Dodge: Dodged            |    79 |   198 |   127 |   250 |   235 ||   889
Block: Kite shield       |       |    20 |   135 |   366 |   268 ||   789

Table legend: (Time is in decaauts)
 A = Elapsed time spent in this place.
 B = Non-inter-level travel time spent in this place.
 C = Inter-level travel time spent in this place.
 D = Time resting spent in this place.
 E = Time spent auto-exploring this place.
 F = Levels seen in this place.
 G = Mean time per level.
                   A        B        C        D        E       F      G
               +--------+--------+--------+--------+--------+-----+--------+
         Total |  19112 |  18501 |    611 |    298 |  14848 |  16 | 1194.5 |
       Dungeon |  18979 |  18368 |    611 |    298 |  14789 |  15 | 1265.3 |
  Orcish Mines |    132 |    132 |      0 |      0 |     59 |   1 |  132.0 |
               +--------+--------+--------+--------+--------+-----+--------+

Top non-repeatable levels by time:
    D:15: 2392 daAuts
    D:13: 2332 daAuts
     D:2: 1776 daAuts
     D:4: 1753 daAuts
     D:8: 1288 daAuts
     D:3: 1251 daAuts
     D:9: 1208 daAuts
    D:10: 1152 daAuts
    D:12: 1092 daAuts
    D:11: 988 daAuts
    D:14: 971 daAuts
     D:5: 901 daAuts
     D:6: 781 daAuts
     D:1: 665 daAuts
     D:7: 421 daAuts
